 Dungeon Crawl Stone Soup version 0.19.3-1-g3169bf9 (webtiles) character file.

259510 Messajah the Minotaur Blade (level 19, -4/268 HPs)
             Began as a Minotaur Berserker on Jan 25, 2017.
             Was the Champion of Trog.
             Slain by an ogre mage
             ... wielding a +0 flail
              (15 damage)
             ... on level 3 of the Vaults on Jan 26, 2017.
             The game lasted 04:33:49 (45063 turns).

Messajah the Minotaur Blade (Minotaur Berserker)   Turns: 45063, Time: 04:33:50

Health: -4/268     AC: 13    Str: 23    XL:     19   Next: 53%
Magic:  6/6        EV:  2    Int:  4    God:    Trog [******]
Gold:   3354       SH:  3    Dex: 17    Spells: 0 memorised, 18 levels left

rFire  + . .     SeeInvis .     o - +9 triple sword (antimagic)
rCold  x . .     Gourm    .     (armour currently unavailable)
rNeg   + + +     Faith    .     (shield currently unavailable)
rPois  +         Spirit   .     (helmet currently unavailable)
rElec  .         Reflect  +     (cloak currently unavailable)
rCorr  .         Harm     .     (gloves currently unavailable)
MR     +....     NoTele   +     (boots currently unavailable)
Stlth  ++........               G - +3 amulet of reflection
                                J - ring of poison resistance
                                s - ring of fire

@: exhausted, tree-form, corroded, slowed, very slow
A: (retaliatory headbutt), (horns 0), (large bone plates 0), (camouflage 0),
(cold resistance 0)
a: Berserk, Trog's Hand, Brothers in Arms, Burn Spellbooks, Renounce Religion
}: 1/15 runes: gossamer


You were on level 3 of the Vaults.
You worshipped Trog.
Trog was exalted by your worship.
You were not hungry.
You were a tree.
You visited 6 branches of the dungeon, and saw 31 of its levels.
You also visited: Ossuary.

You collected 3714 gold pieces.
You spent 360 gold pieces at shops.

Inventory:

Hand Weapons
 o - a +9 antimagic triple sword (weapon)
 M - a +5 triple crossbow of freezing
Missiles
 S - 7 steel javelins (quivered)
Armour
 c - a +0 pair of boots (melded)
 N - a +2 cloak (melded)
 O - a +1 pair of gloves (melded)
 P - a +11 crystal plate armour (melded)
 T - a +2 hat of magic resistance (melded)
 Y - +0 ice dragon scales
Jewellery
 s - a ring of fire (left branch)
 G - a +3 amulet of reflection (around neck)
 J - a ring of poison resistance (right branch)
 U - an uncursed amulet of the gourmand
Wands
 a - a wand of lightning (6/15)
 u - a wand of slowing (39/48)
 v - a wand of paralysis (13/24)
 z - a wand of flame (27/48)
 E - a wand of disintegration (10/24)
 K - a wand of polymorph (12/24)
 L - a wand of enslavement (6/24)
 V - a wand of iceblast (7/15)
 X - a wand of paralysis (20/24)
Scrolls
 g - 5 scrolls of fog
 h - 2 scrolls of enchant weapon
 i - 11 scrolls of remove curse
 k - 15 scrolls of teleportation
 l - a scroll of recharging
 q - a scroll of holy word
 t - 5 scrolls of fear
 w - a scroll of brand weapon
 x - 5 scrolls of blinking
 y - 5 scrolls of identify
 A - a scroll of magic mapping
 B - 2 scrolls of enchant armour
 W - 9 scrolls of immolation
Potions
 b - 10 potions of flight
 d - 4 potions of lignification
 e - 5 potions of might
 j - 8 potions of ambrosia
 n - a potion of resistance
 p - 9 potions of curing
 r - 2 potions of invisibility
 D - a potion of cure mutation
 H - 7 potions of brilliance
 I - 4 potions of agility
 Q - 4 potions of haste
 R - a potion of berserk rage
 Z - a potion of magic
Miscellaneous
 f - a disc of storms
 C - a box of beasts
Comestibles
 m - a bread ration
 F - 4 meat rations


   Skills:
 + Level 18.0 Fighting
 - Level 24.0 Long Blades
 + Level 17.9 Armour
 + Level 19.0 Dodging


You had 18 spell levels left.
You didn't know any spells.

Dungeon Overview and Level Annotations

Branches:
Dungeon (15/15)            Temple (0/1) D:5            Lair (6/6) D:8
 Shoals (0/4) Lair:3       Spider (4/4) Lair:4        Slime (1/5) Lair:5
    Orc (2/2) D:12            Elf (0/3) Orc:2        Vaults (3/5) D:14
  Crypt (0/3) Vaults:3     Depths (0/5) D:15

Altars:
Ashenzari
Dithmenos
Fedhas
Gozag
Makhleb
Nemelex Xobeh
Ru
Uskayaw
Xom
Yredelemnul
Zin
Jiyva

Shops:
D:4 [   D:10 *   D:11 ?   Orc:2 **}[   Vaults:1 (   Vaults:3 (


Innate Abilities, Weirdness & Mutations

((You reflexively headbutt those who attack you in melee.))
((You have a pair of horns on your head.))
((You are partially covered in large bone plates. (SH +4)))
((Your skin changes colour to match your surroundings (Stealth+).))
((Your flesh is cold resistant. (rC+)))


Message History

The entropy weaver hits you!
* * * LOW HITPOINT WARNING * * *
The entropy weaver hits you but does no damage. x3
You hit the entropy weaver but do no damage.
The entropy weaver is almost dead.
The cyan ugly thing punches you.
* * * LOW HITPOINT WARNING * * *
The cyan ugly thing shocks you!
* * * LOW HITPOINT WARNING * * *
The entropy weaver hits you!
* * * LOW HITPOINT WARNING * * *
The entropy weaver hits you.
* * * LOW HITPOINT WARNING * * *
The entropy weaver hits you but does no damage.
The entropy weaver hits you.
* * * LOW HITPOINT WARNING * * *
The ironheart preserver casts a spell.
The ironheart preserver begins to accept its allies' injuries.
The ogre mage hits you with a flail!
You die... .............. #.. ...#....#... #.. #........# #.. #)##.#..#.##(# #.. #..'...)..'..# #.. #.pyh# #.. #pDpo#

#.. ##au## #.. ##♣#####
#.. #.O....# #.. #......#
#.. #......# #..
##########......########
#..
##.#.'.#.##......#......#
#..
#..#.#.#..#...(..#......#
#..
###'.#.##'#.....(#......#
#..
#....#....'......'......#
#..


You could see 2 ironheart preservers, a storm dragon, an entropy weaver, an orc
knight, a cyan ugly thing, an ogre mage, an ironbrand convoker, a polar bear and
a hornet.

Vanquished Creatures
  A titan (Vaults:3)
  Frances (D:14)
  Gastronok (D:8)
  2 tengu reavers
  6 vault wardens
  4 fire giants
  A deep elf sorcerer (Vaults:1)
  2 frost giants (Vaults:2)
  4 ghost moths
  The ghost of dscm the Covert, a journeyman OpEE of Uskayaw (Orc:2)
  4 emperor scorpions
  11 ironheart preservers
  Aizul (Spider:1)
  5 very ugly things
  4 stone giants
  10 entropy weavers
  The ghost of Alarkh the Bludgeoner, a journeyman OgMo of Okawaru (Lair:2)
  A deep elf demonologist (Vaults:2)
  A deep elf annihilator (Vaults:2)
  Azrael (Spider:3)
  2 spark wasps (Spider:4)
  2 deep elf death magi
  2 ettins
  Josephine (D:14)
  A jiangshi (Vaults:3)
  A death ooze (Slime:1)
  Harold (Lair:3)
  4 fire dragons
  4 yaktaur captains (Vaults:1)
  8 hydras
  7 vault guards
  A catoblepas (Lair:5)
  4 centaur warriors
  Erica (Orc:1)
  The ghost of Vojta the Covert, a journeyman SpHu of Okawaru (Orc:1)
  8 ogre magi
  A deep troll earth mage (Vaults:2)
  The ghost of gabygaby the Geomancer, a novice TrEE of Okawaru (D:7)
  3 tengu warriors (D:14)
  2 death yaks (Lair:5)
  3 deep troll shamans (Vaults:2)
  The ghost of Sagrath01 the Carver, a novice MiGl of Trog (Orc:2)
  A titan zombie (Vaults:3)
  7 deep elf knights
  8 skeletal warriors
  3 unseen horrors
  A shadow wraith (Vaults:2)
  10 deep trolls
  A flayed ghost (Vaults:2)
  4 wizards
  8 orc knights
  5 harpies (Vaults:3)
  A phantasmal warrior (Vaults:3)
  2 deep elf archers (Vaults:1)
  8 hill giants
  A necromancer (Vaults:3)
  An obsidian statue (D:11)
  A wolf spider zombie (D:12)
  36 wolf spiders
  Pikel (D:5)
  4 orc sorcerers
  22 orb spiders
  6 deep elf magi
  13 ironbrand convokers
  28 ugly things
  A moth of wrath (Spider:3)
  6 black mambas
  2 salamanders (shapeshifter)
  6 elephants (Lair:6)
  2 centaur zombies
  The ghost of Apogee the Geomancer, a novice GrEE of Vehumet (D:6)
  3 cyclopes
  Psyche (D:10)
  4 vault sentinels
  Maurice (D:8)
  16 spiny frogs
  4 torpor snails
  A gargoyle (D:15)
  2 rime drakes
  A rime drake (shapeshifter) (Vaults:1)
  3 freezing wraiths
  A yaktaur (shapeshifter) (Vaults:1)
  An efreet (D:15)
  9 komodo dragons
  20 yaktaurs
  16 demonic crawlers
  A jumping spider (shapeshifter) (D:15)
  A queen bee (Lair:2)
  15 trolls
  A tengu conjurer (D:15)
  40 jumping spiders
  A merfolk (D:9)
  13 two-headed ogres
  The ghost of Messajah the Cleaver, an amateur MiBe of Trog (Ossuary)
  A hornet (shapeshifter) (Vaults:1)
  4 polar bears
  11 hornets
  Prince Ribbit (D:9)
  21 slime creatures
  8 hippogriffs
  25 blink frogs
  The ghost of ponk the Sneak, an amateur OpAs of Dithmenos (D:4)
  14 spriggans (Lair:6)
  2 shadows
  6 wraiths
  34 tarantellas
  89 redbacks
  45 yaks
  A vampire (D:11)
  3 fire elementals (Spider:3)
  A water elemental (D:15)
  4 basilisks
  Grum (D:8)
  A steam dragon (D:8)
  3 wyverns
  5 wargs
  Menkaure (D:6)
  5 mottled dragons
  10 porcupines
  4 hell hounds (Spider:3)
  Duvessa (D:4)
  9 water moccasins
  A hornet zombie (D:14)
  3 sky beasts
  A slave (D:5)
  6 black bears
  An ice beast (D:7)
  22 orc warriors
  2 phantoms
  An elf skeleton (Vaults:3)
  25 wolves
  54 ogres
  3 boggarts
  5 centaurs
  9 crocodiles
  Blork the orc (D:5)
  17 bullfrogs
  A gnoll sergeant (Orc:2)
  A wyvern zombie (D:14)
  Dowan (D:4)
  A water moccasin zombie (D:8)
  35 killer bees
  4 scorpions
  21 wights
  4 electric eels
  A bullfrog zombie (D:7)
  10 crimson imps
  10 hounds
  A quasit (D:9)
  8 centaur skeletons
  5 jellies
  13 orc priests
  A gnoll shaman (D:6)
  19 orc wizards
  A bullfrog skeleton (D:12)
  3 iguanas
  8 worker ants
  2 hound zombies
  A hound skeleton (D:6)
  8 mummies (Ossuary)
  A howler monkey zombie (D:11)
  14 gnolls
  14 adders
  A shadow imp (D:9)
  An ooze (D:3)
  2 adder skeletons
  A worm (D:4)
  4 dart slugs
  3 leopard geckos
  74 orcs
  4 giant cockroaches
  A gnoll zombie (Ossuary)
  14 goblins
  10 hobgoblins
  8 jackals
  4 quokkas
  5 bats
  2 frilled lizards (D:3)
  2 hobgoblin zombies (Ossuary)
  A jackal zombie (D:8)
  7 kobolds
  5 orc zombies (Ossuary)
  A quokka skeleton (D:7)
  4 rats
  A fungus (Lair:6)
  A plant (Lair:2)
1273 creatures vanquished.

Vanquished Creatures (collateral kills)
  The ghost of dngmouse the Warrior, a journeyman MiFi of Okawaru (Lair:6)
  A ghost moth (Spider:4)
  An emperor scorpion (Spider:4)
  Nessos (Orc:2)
  Erolcha (D:10)
  An ogre mage (Orc:2)
  A hill giant (D:10)
  An ironbrand convoker (Vaults:1)
  3 wolf spiders (Spider:4)
  5 orb spiders (Spider:4)
  3 trolls (Orc:2)
  A jumping spider (Spider:4)
  3 two-headed ogres (Orc:2)
  A hornet (Spider:4)
  A boggart (Lair:6)
  4 ogres (Orc:2)
  A killer bee (Lair:2)
  2 wights (D:10)
  An orc (Orc:2)
33 creatures vanquished.

Vanquished Creatures (others)
  A jumping spider (Spider:2)
  A tarantella (Spider:2)
  A redback (Spider:4)
  A slave (D:5)
  2 boggarts (Vaults:1)
  An elf skeleton (Vaults:3)
  4 orc wizards (D:5)
  A worker ant (D:5)
  An adder (D:5)
  A shadow imp (D:5)
  2 orcs (D:5)
  7 fungi
  A plant (Lair:6)
24 creatures vanquished.

Grand Total: 1330 creatures vanquished

Notes
Turn   | Place    | Note
-------+----------+-------------------------------------------
     0 | D:1      | Messajah the Minotaur Berserker began the quest for the Orb.
     0 | D:1      | Reached XP level 1. HP: 19/19 MP: 0/0
   131 | D:1      | Reached skill level 4 in Long Blades
   142 | D:1      | Reached XP level 2. HP: 26/26 MP: 1/1
   271 | D:1      | Reached skill level 5 in Long Blades
   330 | D:1      | Reached XP level 3. HP: 27/31 MP: 2/2
  1077 | D:2      | Reached ** piety under Trog
  1438 | D:2      | Found a blossoming altar of Fedhas.
  1440 | D:2      | Found an opulent altar of Gozag.
  1902 | D:3      | Reached XP level 4. HP: 39/39 MP: 3/3
  1961 | D:3      | Found a shattered altar of Ashenzari.
  1978 | D:3      | Reached skill level 6 in Long Blades
  2122 | D:3      | You fall through a shaft!
  2122 | D:4      | Found a burning altar of Makhleb.
  2122 | D:4      | Noticed ponk's ghost (amateur OpAs)
  2131 | D:4      | Killed ponk's ghost
  2131 | D:4      | Reached skill level 8 in Long Blades
  2131 | D:4      | Reached XP level 5. HP: 45/45 MP: 4/4
  2233 | D:4      | Noticed Duvessa
  2383 | D:3      | Reached XP level 6. HP: 51/51 MP: 3/5
  2635 | D:4      | Noticed Dowan
  2645 | D:4      | Killed Duvessa
  2645 | D:4      | Reached skill level 9 in Long Blades
  2659 | D:4      | Killed Dowan
  2762 | D:4      | Found Upparis's Antique Armour Emporium.
  2767 | D:4      | Reached *** piety under Trog
  2783 | D:4      | Reached XP level 7. HP: 51/57 MP: 6/6
  3056 | D:5      | Entered Level 5 of the Dungeon
  3063 | D:5      | Reached skill level 10 in Long Blades
  3382 | D:5      | Noticed Pikel
  3405 | D:5      | Killed Pikel
  3405 | D:5      | Reached skill level 12 in Long Blades
  3405 | D:5      | Reached XP level 8. HP: 36/64 MP: 5/7
  3786 | D:5      | Noticed Blork the orc
  3795 | D:5      | Killed Blork the orc
  3809 | D:5      | Found a staircase to the Ecumenical Temple.
  4309 | D:6      | Reached skill level 13 in Long Blades
  4367 | D:6      | Noticed Apogee's ghost (novice GrEE)
  4374 | D:6      | Killed Apogee's ghost
  4417 | D:5      | Reached XP level 9. HP: 57/70 MP: 5/8
  4482 | D:6      | Reached **** piety under Trog
  4607 | D:6      | Reached skill level 14 in Long Blades
  4747 | D:6      | Noticed Menkaure
  4763 | D:6      | Killed Menkaure
  4908 | D:6      | Reached skill level 5 in Fighting
  5579 | D:7      | Found a shimmering altar of Xom.
  5581 | D:7      | Noticed an angel
  5584 | D:7      | Found a glowing silver altar of Zin.
  5728 | D:7      | Found a sand-covered staircase.
  5744 | Ossuary  | Entered an ossuary
  5745 | Ossuary  | Noticed Messajah's ghost (amateur MiBe)
  5759 | Ossuary  | Killed Messajah's ghost
  6169 | D:7      | Noticed gabygaby's ghost (novice TrEE)
  6190 | D:7      | Killed gabygaby's ghost
  6511 | D:7      | Noticed an enchanted hand axe
  6512 | D:7      | Noticed an enchanted dagger
  6516 | D:7      | Found a hide-covered altar of Uskayaw.
  6717 | D:7      | Reached skill level 10 in Fighting
  7180 | D:8      | Noticed Maurice
  7194 | D:8      | Killed Maurice
  7194 | D:8      | Reached XP level 10. HP: 93/93 MP: 9/9
  7280 | D:8      | Received a gift from Trog
  7332 | D:8      | Noticed Gastronok
  7637 | D:9      | Noticed Prince Ribbit
  7661 | D:9      | Killed Prince Ribbit
  7661 | D:9      | Reached skill level 5 in Armour
  8323 | D:9      | Found a shadowy altar of Dithmenos.
  8698 | D:10     | Entered Level 10 of the Dungeon
  8848 | D:10     | Reached skill level 5 in Dodging
  9143 | D:10     | Noticed Psyche
  9144 | D:10     | Reached ***** piety under Trog
  9243 | D:10     | Killed Psyche
  9384 | D:10     | Noticed a hill giant
  9390 | D:10     | Killed a hill giant
  9403 | D:10     | Noticed Erolcha
  9570 | D:8      | Noticed a spiny frog
  9589 | D:9      | Killed a spiny frog
  9831 | D:8      | Noticed a hill giant
  9911 | D:9      | Killed a hill giant
  9911 | D:9      | Reached XP level 11. HP: 99/99 MP: 7/10
  9944 | D:8      | Noticed Grum
  9954 | D:8      | Killed Grum
 10195 | D:8      | Killed Gastronok
 10195 | D:8      | Reached skill level 10 in Armour
 10383 | D:8      | Found a staircase to the Lair.
 10502 | D:8      | Found a sparkling altar of Nemelex Xobeh.
 10799 | Lair:1   | Entered Level 1 of the Lair of Beasts
 12686 | Lair:2   | HP: 4/99 [komodo dragon (18)]
 13206 | Lair:2   | Noticed Alarkh's ghost (journeyman OgMo)
 13753 | Lair:2   | Reached XP level 12. HP: 89/106 MP: 8/11
 14580 | Lair:2   | Got a twisted long sword
 14581 | Lair:2   | Identified the cursed +1 long sword "Ogrebane" {flame, Fragile rElec Dex+8} (You found it on level 2 of the Lair of Beasts)
 14648 | Lair:2   | Noticed a seven-headed hydra
 14733 | Lair:3   | Found a staircase to the Shoals.
 14935 | Lair:3   | Identified a scroll of acquirement
 15264 | Lair:3   | Reached skill level 10 in Dodging
 15454 | Lair:3   | Noticed Harold
 15466 | Lair:3   | Killed Harold
 15722 | Lair:4   | Found a hole to the Spider Nest.
 16107 | Lair:4   | You fall through a shaft for 2 floors!
 16107 | Lair:6   | Entered Level 6 of the Lair of Beasts
 16150 | Lair:6   | Noticed an eight-headed hydra
 16154 | Lair:6   | Noticed a seven-headed hydra
 16161 | Lair:6   | Killed a four-headed hydra
 16165 | Lair:6   | Killed a three-headed hydra
 16301 | Lair:6   | Noticed dngmouse's ghost (journeyman MiFi)
 16633 | Lair:5   | Found a viscous altar of Jiyva.
 16635 | Lair:5   | Found a staircase to the Slime Pits.
 16767 | Lair:4   | Reached XP level 13. HP: 119/119 MP: 12/12
 18279 | Lair:6   | Received a gift from Trog
 18716 | Lair:6   | Paralysed by a hornet for 3 turns
 19071 | Lair:6   | Received a gift from Trog
 19071 | Lair:6   | Reached skill level 15 in Armour
 19169 | Lair:6   | Reached skill level 15 in Fighting
 19310 | Lair:6   | Killed dngmouse's ghost
 19575 | Lair:6   | Reached XP level 14. HP: 84/135 MP: 11/13
 20549 | Slime:1  | Entered Level 1 of the Pits of Slime
 21189 | Lair:2   | Killed Alarkh's ghost
 21540 | D:10     | Killed Erolcha
 21770 | D:10     | Found Fomopitt's Evil Emporium.
 21772 | D:10     | Found a basalt altar of Yredelemnul.
 22097 | D:11     | Received a gift from Trog
 22427 | D:11     | Found Oriymusi's Magic Scroll Boutique.
 22436 | D:11     | Bought a scroll of identify for 22 gold pieces
 22436 | D:11     | Bought a scroll of identify for 22 gold pieces
 22436 | D:11     | Bought a scroll of enchant armour for 82 gold pieces
 22436 | D:11     | Bought a scroll of enchant armour for 82 gold pieces
 22436 | D:11     | Bought a scroll of enchant weapon for 82 gold pieces
 23422 | D:12     | Found a staircase to the Orcish Mines.
 24086 | Orc:1    | Entered Level 1 of the Orcish Mines
 24130 | Orc:1    | Noticed Vojta's ghost (journeyman SpHu)
 24161 | Orc:1    | Killed Vojta's ghost
 24386 | Orc:1    | Noticed Erica
 24409 | Orc:1    | Received a gift from Trog
 24423 | Orc:1    | Killed Erica
 24622 | Orc:2    | Entered Level 2 of the Orcish Mines
 25079 | Orc:2    | Noticed Nessos
 25080 | Orc:2    | Noticed Sagrath01's ghost (novice MiGl)
 25119 | Orc:2    | Killed Nessos
 25124 | Orc:2    | Killed Sagrath01's ghost
 25261 | Orc:2    | Noticed dscm's ghost (journeyman OpEE)
 25280 | Orc:2    | Killed dscm's ghost
 25313 | Orc:2    | Found Eti Ysae's General Store.
 25317 | Orc:2    | Found Oxtet's Gadget Shoppe.
 25414 | Orc:2    | Reached skill level 15 in Dodging
 25496 | Orc:2    | Reached XP level 15. HP: 119/144 MP: 12/14
 25759 | Orc:2    | Found Jeurchak's Assorted Antiques.
 25767 | Orc:2    | Bought a scroll of identify for 24 gold pieces
 25791 | Orc:2    | Bought a scroll of identify for 46 gold pieces
 25796 | Orc:2    | Found Deisif's Antique Armour Shop.
 25841 | Orc:2    | Found a staircase to the Elven Halls.
 26034 | Orc:2    | Received a gift from Trog
 27204 | D:14     | Noticed Josephine
 27215 | D:14     | Killed Josephine
 27475 | D:14     | Gained mutation: You expend magic power (3 MP) to strengthen your wands. [mutagenic meat]
 27476 | D:14     | Gained mutation: Armour fits poorly on your strangely shaped body. [mutagenic meat]
 27476 | D:14     | Lost mutation: You expend magic power (3 MP) to strengthen your wands. [potion of cure mutation]
 27476 | D:14     | Lost mutation: Armour fits poorly on your strangely shaped body. [potion of cure mutation]
 27478 | D:14     | Gained mutation: You are partially covered in large bone plates. (SH +4) [mutagenic meat]
 27479 | D:14     | Gained mutation: Your skin changes colour to match your surroundings (Stealth+). [mutagenic meat]
 27486 | D:14     | Gained mutation: Your flesh is cold resistant. (rC+) [potion of beneficial mutation]
 27686 | D:14     | Noticed Frances
 27695 | D:14     | Killed Frances
 27750 | D:14     | Found a sacrificial altar of Ru.
 27798 | D:14     | Found a gate to the Vaults.
 28128 | D:15     | Entered Level 15 of the Dungeon
 28985 | D:15     | Received a gift from Trog
 29069 | D:15     | Found a staircase to the Depths.
 29517 | Spider:1 | Entered Level 1 of the Spider Nest
 29714 | Spider:1 | Reached ****** piety under Trog
 29877 | Spider:1 | Noticed Aizul
 29892 | Spider:1 | Killed Aizul
 30655 | Spider:1 | Reached XP level 16. HP: 144/155 MP: 5/15
 32198 | Spider:2 | Received a gift from Trog
 33730 | Spider:3 | Reached skill level 15 in Long Blades
 34148 | Spider:3 | Noticed Azrael
 34156 | Spider:3 | Killed Azrael
 34542 | Spider:3 | Identified the Handbook of the Toxic Oath
 34717 | Spider:3 | Reached skill level 16 in Long Blades
 35516 | Spider:3 | Received a gift from Trog
 35735 | Spider:4 | Entered Level 4 of the Spider Nest
 36449 | Spider:4 | Reached skill level 17 in Long Blades
 36529 | Spider:3 | Reached XP level 17. HP: 49/161 MP: 3/16
 37257 | Spider:4 | Reached skill level 18 in Long Blades
 37997 | Spider:4 | Reached skill level 19 in Long Blades
 38407 | Spider:4 | Got a gossamer rune of Zot
 39573 | Vaults:1 | Entered Level 1 of the Vaults
 39652 | Vaults:1 | Received a gift from Trog
 40070 | Vaults:1 | Found Evag's Weapon Boutique.
 40136 | Vaults:1 | Reached skill level 20 in Long Blades
 40664 | Vaults:1 | Reached skill level 21 in Long Blades
 40743 | Vaults:1 | Reached XP level 18. HP: 169/169 MP: 5/17
 41372 | Vaults:1 | Received a gift from Trog
 41447 | Vaults:1 | Reached skill level 22 in Long Blades
 42691 | Vaults:2 | Reached skill level 23 in Long Blades
 42707 | Vaults:2 | Received a gift from Trog
 43276 | Vaults:2 | Reached skill level 24 in Long Blades
 43515 | Vaults:2 | Reached XP level 19. HP: 169/177 MP: 6/18
 43525 | Vaults:2 | Received a gift from Trog
 43937 | Vaults:2 | Got an ancient short sword
 43938 | Vaults:2 | Identified the +2 short sword of Dissent {drain, +Rage} (You found it on level 2 of the Vaults)
 44399 | Vaults:3 | Found a staircase to the Crypt.
 44569 | Vaults:3 | Found Qatohel's Antique Weapon Shop.
 44761 | Vaults:3 | Received a gift from Trog
 45044 | Vaults:3 | Paralysed by a hornet for 3 turns
 45063 | Vaults:3 | HP: 12/268 [entropy weaver (2)]
 45063 | Vaults:3 | Slain by an ogre mage

Skill      XL: |  1  2  3  4  5  6  7  8  9 10 11 12 13 14 15 16 17 18 19 |
---------------+----------------------------------------------------------+-----
Long Blades    | 4 5 8 9 12 13 14 17 21 24 | 24.0
Fighting       | 10 12 15 16 17 18 | 18.0
Armour         | 3 9 13 14 15 16 17 | 17.9
Dodging        | 6 8 10 11 15 17 18 19 | 19.0

Action                   |  1- 3 |  4- 6 |  7- 9 | 10-12 | 13-15 | 16-18 | 19-21 || total
-------------------------+-------+-------+-------+-------+-------+-------+-------++-------
Melee: Falchion          |    65 |    39 |    88 |       |       |       |       ||   192
       Headbutt          |    14 |    12 |    87 |   150 |   694 |   426 |    89 ||  1472
       Halberd           |    19 |    18 |       |       |       |       |       ||    37
       Unarmed           |       |    15 |       |       |       |       |       ||    15
       Long sword        |       |       |   210 |   181 |  1527 |       |       ||  1918
       Rapier            |       |       |       |   416 |       |       |       ||   416
       Demon blade       |       |       |       |       |   161 |   113 |       ||   274
       Triple sword      |       |       |       |       |       |  1247 |   260 ||  1507
Throw: Tomahawk          |       |       |     4 |    25 |    14 |    59 |       ||   102
       Throwing net      |       |       |       |       |       |    10 |       ||    10
       Javelin           |       |       |       |       |       |     6 |       ||     6
Invok: Berserk           |     1 |     2 |     8 |    20 |    12 |    24 |     2 ||    69
       Brothers in Arms  |       |       |     1 |     9 |     8 |     6 |       ||    24
       Burn Spellbooks   |       |       |       |     4 |     2 |     3 |     1 ||    10
Evoke: Wand              |       |       |       |       |       |     3 |       ||     3
  Use: Scroll            |       |     8 |       |    18 |    25 |     8 |       ||    59
       Potion            |       |       |       |     2 |     2 |     6 |     1 ||    11
 Stab: Distracted        |       |       |       |     3 |     3 |     1 |       ||     7
       Held in net/web   |       |       |       |       |       |     4 |       ||     4
  Eat: Chunk             |     4 |     4 |    12 |    13 |    14 |    17 |     2 ||    66
       Fruit             |       |       |     5 |     3 |       |       |       ||     8
       Bread ration      |       |       |     1 |     8 |     6 |     4 |       ||    19
       Beef jerky        |       |       |     1 |       |     1 |     1 |       ||     3
       Pizza             |       |       |       |     1 |     2 |     1 |     2 ||     6
       Royal jelly       |       |       |       |       |    15 |     2 |     1 ||    18
       Meat ration       |       |       |       |       |       |     4 |       ||     4
Armor: Scale mail        |    35 |     5 |       |       |       |       |       ||    40
       Plate armour      |       |    15 |   132 |   194 |       |       |       ||   341
       Ice dragon scales |       |       |       |   145 |   102 |       |       ||   247
       Crystal plate arm |       |       |       |       |   916 |  1495 |   192 ||  2603
       Skin              |       |       |       |       |       |       |    27 ||    27
Dodge: Dodged            |    39 |    24 |    90 |   456 |  1051 |  1007 |   150 ||  2817
Block: Other             |       |       |       |       |    79 |   526 |    77 ||   682
       Reflection        |       |       |       |       |       |     6 |     2 ||     8
       Rpst.: Falchion   |    10 |     5 |     9 |       |       |       |       ||    24
       Long sword        |       |       |    14 |    25 |   205 |       |       ||   244
       Demon blade       |       |       |       |       |    26 |    24 |       ||    50
       Triple sword      |       |       |       |       |       |   158 |    27 ||   185
